Map: Amygdala

Players

Pipeline - Winner!

  • Race: Terran Terran
  • League: Diamond
  • Spawn Location: 7:00

llllllllllll

  • Race: Terran Terran
  • League: Diamond
  • Spawn Location: 1:00

VOD

Have the link to the VOD?

Description

Time

  • Played on: April 17, 2025, 7:38 a.m.
  • Length: 15:36
Show
View Real Time Build Order
Export as new Build Order

Pipeline Terran - Winner!

Build Orders: 1/1/1, Cyclone Opening 

Get SALT Encoding   

  12  0:00  SCV  
  13  0:12  SCV  
  14  0:17  Supply Depot  
  14  0:25  SCV  
  15  0:36  Refinery  
  15  0:38  SCV  
  16  0:44  Barracks  
  16  0:50  SCV  
  16  0:54  Refinery  
  17  1:03  SCV  
  18  1:15  SCV  
  19  1:27  SCV  
  20  1:33  Factory  
  20  1:38  Barracks Tech Lab  
  20  1:39  Orbital Command  
  20  1:53  Supply Depot  
  20  1:57  Marauder  
  22  2:05  SCV  
  23  2:16  Starport  
  23  2:17  SCV  
  24  2:30  Cyclone  
  24  2:31  Marine  
  24  2:35  SCV  
  27  2:47  SCV  
  25  2:59  SCV  
  24  3:11  Marine, SCV  
  26  3:14  Supply Depot  
  26  3:19  Fusion Core  
  26  3:23  SCV  
  27  3:27  Starport Tech Lab  
  27  3:35  SCV  
  28  3:48  SCV  
  28  4:02  Command Center  
  28  4:11  Battlecruiser  
  34  4:28  Command Center  
  34  4:36  SCV  
  35  4:38  Weapon Refit  
  35  4:48  SCV  
  36  4:53  Refinery  
  36  4:57  Marine  
  36  4:59  Refinery  
  37  5:00  SCV  
  38  5:11  Supply Depot  
  38  5:13  Siege Tank  
  41  5:14  Orbital Command  
  41  5:16  SCV  
  43  5:28  SCV  
  43  5:42  Orbital Command, SCV x2  
  45  5:50  Siege Tank  
  45  5:54  SCV x2  
  50  6:02  Battlecruiser  
  56  6:08  SCV  
  56  6:10  SCV  
  58  6:14  SCV  
  59  6:27  Orbital Command  
  59  6:40  SCV  
  59  6:41  SCV  
  59  6:43  Siege Tank  
  64  6:47  Starport  
  64  6:48  Armory  
  64  6:53  SCV x2  
  66  7:01  SCV  
  67  7:05  SCV x2  
  67  7:07  Raven  
  71  7:13  SCV  
  72  7:16  Engineering Bay  
  72  7:17  SCV x2  
  72  7:18  Siege Tank  
  77  7:23  Armory  
  77  7:48  Refinery  
  77  7:57  Command Center  
  77  7:58  Terran Ship Weapons Level 1  
  77  8:00  Starport Tech Lab  
  77  8:06  Factory  
  77  8:07  Neosteel Armor  
  77  8:08  Factory  
  77  8:09  Starport  
  77  8:14  Terran Vehicle And Ship Armor Level 1  
  77  8:19  Supply Depot x2  
  77  8:20  Supply Depot  
  77  8:22  Missile Turret  
  77  8:35  SCV x3  
  80  8:46  Battlecruiser  
  80  8:47  Starport Tech Lab  
  80  8:48  SCV x3  
  89  8:53  Factory Tech Lab x2  
  89  9:00  SCV x3  
  92  9:05  Refinery  
  92  9:07  Missile Turret  
  92  9:12  SCV x3  
  95  9:24  SCV x3  
  95  9:27  Siege Tank  
  95  9:28  Siege Tank  
  104  9:42  Refinery, Planetary Fortress  
  104  9:43  Refinery  
  104  9:46  Missile Turret  
  104  9:47  SCV x3  
  107  9:53  Terran Vehicle Weapons Level 1  
  107  9:54  Battlecruiser  
  107  9:59  SCV x2  
  115  10:00  Command Center  
  115  10:04  SCV  
  116  10:09  Siege Tank  
  116  10:10  Command Center  
  116  10:11  SCV x2  
  121  10:14  Supply Depot  
  121  10:15  Supply Depot  
  121  10:16  Supply Depot, Terran Ship Weapons Level 2  
  121  10:24  SCV x4  
  123  10:36  Thor  
  129  10:54  Missile Turret  
  129  10:56  Missile Turret  
  129  10:57  Missile Turret  
  129  10:59  Missile Turret, Thor x2  
  129  11:00  SCV  
  129  11:02  Missile Turret  
  129  11:03  Missile Turret  
  142  11:04  SCV  
  142  11:05  Factory  
  142  11:08  SCV  
  144  11:26  Refinery  
  144  11:37  Planetary Fortress  
  144  11:39  Missile Turret  
  144  11:41  Missile Turret, SCV  
  144  11:43  Thor x3  
  163  11:50  Factory Tech Lab  
  163  11:51  Missile Turret  
  163  11:53  SCV  
  160  12:05  Battlecruiser  
  162  12:17  Battlecruiser  
  166  12:28  SCV  
  167  12:38  Thor  
  167  12:40  SCV  
  167  12:43  Supply Depot  
  174  12:45  Supply Depot  
  174  12:46  Hi-Sec Auto Tracking  
  174  12:47  Command Center  
  174  12:48  Thor  
  180  12:52  SCV  
  180  12:54  Refinery  
  180  12:58  Terran Ship Weapons Level 3, Terran Vehicle And Ship Armor Level 2  
  181  13:01  SCV  
  182  13:25  Thor  
  182  13:26  Siege Tank x2, Missile Turret, Starport Tech Lab  
  194  13:30  SCV  
  195  13:34  Missile Turret  
  195  14:02  SCV  
  196  14:10  Orbital Command  
  196  14:12  Smart Servos  
  196  14:18  Missile Turret  
  196  14:26  Planetary Fortress  
  196  14:28  Refinery  
  196  14:30  Refinery  
  196  14:40  Factory x2  
  196  14:43  Command Center  
Show
View Real Time Build Order
Export as new Build Order

llllllllllll Terran 

Build Orders:  

Get SALT Encoding   

  12  0:00  SCV  
  13  0:18  Supply Depot  
  13  0:28  SCV  
  14  0:40  Barracks  
  14  0:45  Refinery  
  14  0:57  Barracks  
  14  1:02  SCV  
  15  1:14  SCV  
  16  1:28  Reaper  
  16  1:30  Orbital Command  
  17  1:40  Refinery  
  17  1:45  Reaper  
  18  1:55  Supply Depot  
  19  2:01  SCV  
  19  2:07  Reaper  
  20  2:15  SCV  
  21  2:17  Reaper  
  22  2:27  SCV  
  23  2:38  Factory  
  23  2:42  SCV  
  24  2:54  SCV  
  25  3:06  SCV  
  24  3:18  SCV  
  25  3:22  Command Center  
  25  3:27  Factory Tech Lab  
  25  3:30  SCV, Barracks  
  26  3:42  SCV  
  27  3:49  Cyclone  
  27  3:54  SCV  
  31  3:56  Starport  
  31  4:06  SCV  
  31  4:11  Supply Depot  
  31  4:19  Barracks Tech Lab  
  31  4:26  Engineering Bay  
  31  4:33  SCV, Cyclone  
  31  4:34  Supply Depot  
  31  4:35  Orbital Command  
  35  4:38  Stimpack  
  35  4:44  Liberator  
  38  4:48  SCV  
  39  5:08  Cyclone  
  39  5:09  Marine x2  
  44  5:14  SCV  
  44  5:15  SCV  
  44  5:16  Barracks  
  44  5:21  Missile Turret  
  46  5:22  Missile Turret  
  46  5:26  SCV  
  46  5:27  SCV  
  40  5:50  Marine, Starport Reactor  
  40  5:51  Marine  
  40  5:53  Cyclone  
  45  5:57  SCV  
  46  6:07  Terran Infantry Weapons Level 1, Missile Turret x2  
  46  6:10  Barracks Reactor  
  46  6:11  Barracks Reactor  
  46  6:12  SCV  
  46  6:13  SCV  
  46  6:14  Missile Turret  
  48  6:20  Missile Turret  
  48  6:21  Combat Shield  
  48  6:24  SCV, Missile Turret  
  49  6:25  SCV  
  49  6:29  Cyclone  
  53  6:42  SCV  
  53  6:43  SCV  
  53  6:45  Viking  
  56  6:49  Refinery  
  56  6:51  Refinery  
  56  6:52  Marine x3  
  56  6:53  Marine x2  
  61  6:54  SCV  
  61  7:00  Supply Depot  
  62  7:04  Supply Depot  
  62  7:05  Mag-Field Accelerator  
  62  7:16  Supply Depot  
  62  7:19  Cyclone, SCV x2  
  62  7:22  Supply Depot  
  67  7:26  Supply Depot  
  67  7:29  Viking  
  69  7:31  SCV x2  
  71  7:49  SCV x2  
  71  7:54  Marine x5  
  71  7:56  Viking  
  71  7:58  Command Center  
  78  8:01  Viking  
  80  8:05  Supply Depot  
  80  8:06  SCV  
  80  8:07  SCV  
  80  8:11  Missile Turret  
  80  8:12  Marine  
  83  8:17  Missile Turret  
  83  8:22  Missile Turret, SCV  
  83  8:23  SCV  
  85  8:28  Viking  
  85  8:32  Marine x3  
  85  8:33  Marine x2  
  92  8:37  Viking  
  94  8:42  Terran Infantry Armor Level 1  
  94  8:43  Supply Depot  
  94  8:47  Siege Tank  
  97  9:04  Marine, SCV x2  
  97  9:05  Marine x4  
  97  9:07  Medivac  
  97  9:08  Medivac  
  108  9:10  Orbital Command  
  108  9:17  SCV  
  108  9:18  SCV  
  110  9:27  Missile Turret  
  110  9:30  Marine x5  
  118  9:31  Siege Tank  
  118  9:33  Supply Depot  
  118  9:39  Missile Turret x2  
  118  9:40  Engineering Bay, Armory  
  118  9:41  Orbital Command  
  118  9:44  Medivac x2  
  122  9:50  SCV x2  
  124  10:06  Marine x2  
  124  10:07  Marine x3  
  126  10:08  Siege Tank  
  132  10:14  SCV x2  
  134  10:22  Missile Turret  
  134  10:23  Missile Turret  
  134  10:24  Marine  
  134  10:25  Medivac x2  
  138  10:41  Marine x3  
  138  10:42  Marine x2  
  140  10:48  Barracks x2  
  140  10:55  Siege Tank  
  140  10:56  Medivac x2  
  147  10:59  Marine x2  
  147  11:00  Supply Depot  
  147  11:02  Terran Infantry Weapons Level 2, Terran Infantry Armor Level 2  
  147  11:03  Supply Depot  
  149  11:04  Marine, Terran Vehicle Weapons Level 1  
  149  11:05  SCV  
  149  11:06  SCV x2  
  153  11:12  Refinery  
  153  11:13  Refinery  
  153  11:17  SCV  
  154  11:21  Marine x4  
  154  11:22  Marine  
  154  11:25  SCV x2  
  161  11:36  Barracks Reactor x2  
  161  11:37  Medivac x2  
  161  11:38  Marine  
  161  11:39  Marine x2  
  168  11:41  Command Center  
  168  11:48  Marine x2  
  170  11:56  Marine  
  147  12:04  Marine x2  
  147  12:05  Siege Tank  
  147  12:06  Marine x2  
  145  12:14  Marine  
  142  12:20  Marine x4  
  142  12:21  Medivac x2  
  142  12:22  Marine x2  
  138  12:24  Marine  
  120  12:35  Starport  
  120  12:36  Starport  
  120  12:37  Armory  
  120  12:41  SCV x3  
  123  12:46  Missile Turret  
  123  12:47  Missile Turret  
  123  12:50  Marine  
  123  12:51  Marine x7  
  126  12:52  Siege Tank, Marine, Medivac  
  126  12:53  Medivac, SCV  
  126  12:54  Missile Turret  
  140  13:08  Marine x2  
  142  13:15  Marine  
  142  13:16  Marine x6  
  146  13:21  Planetary Fortress  
  146  13:22  Medivac  
  146  13:24  Siege Tank  
  151  13:27  Starport Reactor  
  151  13:28  Starport Reactor  
  151  13:32  Terran Ship Weapons Level 1  
  151  13:35  Terran Vehicle And Ship Armor Level 1  
  146  14:01  Marine x7  
  146  14:02  Marine x2  
  158  14:03  Medivac x2  
  162  14:13  Refinery x2  
  162  14:14  Viking x3  
  168  14:18  Marine, Viking  
  168  14:31  Factory  
  168  14:33  Supply Depot, Factory  
  168  14:35  Supply Depot  
  168  14:36  Marine  
  168  14:37  Marine x4  
  173  14:44  Marine x4  
  177  14:46  Viking x2  
  177  14:47  Viking  
  177  14:50  Viking  
  185  14:57  Marine x4  
  186  15:09  Refinery  
Tags
 
Add a new tag
Caveats
  • Supply blocks, unpowered buildings, or Contaminate may cause inaccurate times.
  • Supply counts are checked every 10 seconds.